Oilers vs Sabres
Created - 17 décembre 2014 at 22:08
Goals
|
| Oilers |
2 |
1 |
1 |
4 |
| Sabres |
0 |
0 |
2 |
2 |
|
Shots
|
| Oilers |
11 |
8 |
9 |
28 |
| Sabres |
10 |
7 |
15 |
32 |
|
1st period
1. Oilers , Ilya Kovalchuk 23 (Pavel Datsyuk) at 16:10
2. Oilers , Pavel Datsyuk 23 (Ilya Kovalchuk, Patrick Kaleta) at 16:18
Penalties :
Richard Lintner (Buf) for Roughing (Minor) at 6:43, Ole-Kristian Tollefsen (Buf) for High sticking (Minor) at 17:01
2nd period
3. Oilers , Pavel Datsyuk 24 (Ian White, Sebastien Caron) at 5:29
Penalties :
Richard Lintner (Buf) for High sticking (Minor) at 0:03, Rob Scuderi (Edm) for Tripping (Minor) at 3:20
3rd period
4. Oilers , Eric Nystrom 10 (Peter Regin, Patrick Kane) at 2:20
5. Sabres , Enver Lisin 1 (James Neal, Joni Pitkanen) at 2:30
6. Sabres , Enver Lisin 2 (James Neal, Mike Fisher) at 15:00
Penalties :
Derick Brassard (Buf) for Tripping (Minor) at 8:33, Nathan Dempsey (Buf) for Delaying the game (Minor) at 15:33
Goalie Stats
Sebastien Caron (Edm), 30 saves from 32 shots - (0,938), W, 6-1-0, 60:00 minutes
Michal Neuvirth (Buf), 24 saves from 28 shots - (0,857), L, 16-10-6, 60:00 minutes
Players Stats for Oilers
Player Name G A P +/- PIM S H SB GA TA FO MP PP MP PK MP
------------------------------------------------------------------------------------
Christian Ehrhoff 0 0 0 -1 0 2 1 0 0 0 0/0 23:20 5:06 1:11
David Moss 0 0 0 1 0 1 4 1 0 0 0/0 9:05 0:00 0:00
Duncan Keith 0 0 0 3 0 2 0 3 0 0 0/0 24:23 4:49 0:48
Eric Nystrom 1 0 1 1 0 1 0 0 0 0 0/0 10:07 0:00 0:57
Ian White 0 1 1 -2 0 2 3 1 1 0 0/0 26:54 5:06 1:11
Ilya Kovalchuk 1 1 2 0 0 3 2 1 1 0 1/1 19:52 4:57 0:00
Jonathan Toews 0 0 0 1 0 4 2 1 1 0 8/19 17:41 4:57 0:00
Olli Jokinen 0 0 0 0 0 1 0 0 0 0 2/5 11:09 0:00 0:00
Patrick Kaleta 0 1 1 0 0 0 4 0 1 0 2/3 19:58 4:58 0:00
Patrick Kane 0 1 1 1 0 5 4 0 4 1 0/0 17:58 4:57 0:00
Pavel Datsyuk 2 1 3 0 0 3 0 0 1 1 13/28 21:08 4:58 1:02
Peter Regin 0 1 1 1 0 0 1 0 0 0 5/8 9:47 0:00 0:57
Rob Scuderi 0 0 0 3 2 1 1 1 0 0 0/0 18:14 0:00 0:00
Scott Niedermayer 0 0 0 0 0 0 1 1 1 0 0/0 12:54 0:00 0:37
Steve Begin 0 0 0 0 0 2 1 0 0 0 0/0 12:17 0:00 1:02
Tomas Fleischmann 0 0 0 1 0 1 3 0 0 0 1/1 17:44 4:58 0:00
Tyler Kennedy 0 0 0 0 0 0 0 0 1 0 0/1 11:09 0:00 0:00
Zach Bogosian 0 0 0 1 0 0 1 1 0 0 0/0 14:20 4:49 0:11
Players Stats for Sabres
Player Name G A P +/- PIM S H SB GA TA FO MP PP MP PK MP
------------------------------------------------------------------------------------
Antoine Roussel 0 0 0 -2 0 4 0 0 0 0 1/3 18:18 0:56 0:00
Derick Brassard 0 0 0 -2 2 3 1 0 0 0 9/19 18:26 1:03 0:00
Enver Lisin 2 0 2 1 0 7 1 0 0 0 1/1 13:27 0:56 0:00
James Neal 0 2 2 1 0 5 1 0 0 0 0/2 16:15 1:03 1:16
Joni Pitkanen 0 1 1 0 0 0 1 2 0 3 0/0 25:15 1:14 5:39
Justin Williams 0 0 0 -1 0 0 0 0 0 0 0/0 7:01 0:00 0:00
Kyle Calder 0 0 0 -1 0 1 0 0 0 0 0/0 9:14 0:00 1:10
Mats Sundin 0 0 0 0 0 0 0 0 0 0 6/14 14:28 0:56 3:31
Michael Kostka 0 0 0 -2 0 1 1 1 0 1 0/0 16:08 0:45 4:16
Mike Fisher 0 1 1 1 0 1 2 0 0 0 14/21 17:34 0:00 5:14
Nathan Dempsey 0 0 0 0 2 1 0 3 1 1 0/0 19:48 0:00 0:53
Niclas Bergfors 0 0 0 -2 0 4 1 2 0 0 0/2 18:26 1:03 0:00
Ole-Kristian Tollefsen 0 0 0 1 2 1 1 1 0 3 0/0 26:03 1:14 4:16
Richard Lintner 0 0 0 -1 4 0 0 1 0 1 0/0 17:48 0:00 0:30
Ryan Hollweg 0 0 0 0 0 1 2 0 0 0 1/1 10:17 0:00 0:00
Todd White 0 0 0 -1 0 0 1 0 1 1 2/3 12:06 0:00 5:08
Tomas Kopecky 0 0 0 0 0 3 1 0 0 0 0/0 13:18 0:00 3:31
Tyler Sloan 0 0 0 -2 0 0 0 0 0 1 0/0 16:08 0:45 4:16
3 Stars
1 - Pavel Datsyuk (Edm)
2 - Enver Lisin (Buf)
3 - Ilya Kovalchuk (Edm)
Power Play
Oilers - 0 on 5 Attempt(s) - 0,00%
Sabres - 0 on 1 Attempt(s) - 0,00%
Penalty Kill
Oilers - 1 on 1 Attempt(s) - 100,00%
- Score 0 goal in Penalty Kill
Sabres - 5 on 5 Attempt(s) - 100,00%
- Score 0 goal in Penalty Kill
Official
Referees : Pollock Kevin and Martell Rob
Linesman : Mike Cvik and Derek Amell
Game Notes
No Game Note
Finance
Level 1 -- Attendance: 5760 (96,00%) -- Ticket Income 495 360 $
Level 2 -- Attendance: 4447 (88,94%) -- Ticket Income 235 691 $
Level 3 -- Attendance: 1495 (74,75%) -- Ticket Income 49 335 $
Level 4 -- Attendance: 3215 (80,38%) -- Ticket Income 73 945 $
Luxury Box -- Attendance: 741 (74,10%) -- Ticket Income 125 970 $
Game was played at the Duff Garden
Total Attendance: 15658 (86,99%)
Total Ticket Income: 980 301 $
Other Income: 147 045 $
Total Income: 1 127 346 $
Oilers
5 vs 5 Forward
Center Left Wing Right Wing Time % Phy DF OF
1 Pavel Datsyuk Ilya Kovalchuk Patrick Kaleta 40 1 1 3
2 Jonathan Toews Tomas Fleischmann Patrick Kane 35 1 1 3
3 Peter Regin Eric Nystrom David Moss 20 1 2 2
4 Olli Jokinen Steve Begin Tyler Kennedy 5 1 2 2
5 vs 5 Defense
Defense Defense Time % Phy DF OF
1 Ian White Christian Ehrhoff 35 1 2 2
2 Duncan Keith Rob Scuderi 35 1 2 2
3 Scott Niedermayer Zach Bogosian 20 1 2 2
4 Ian White Scott Niedermayer 10 1 2 2
PowerPlay Forward
Center Left Wing Right Wing Time % Phy DF OF
1 Jonathan Toews Ilya Kovalchuk Patrick Kane 50 1 1 3
2 Pavel Datsyuk Tomas Fleischmann Patrick Kaleta 50 1 1 3
PowerPlay Defense
Defense Defense Time % Phy DF OF
1 Ian White Christian Ehrhoff 50 0 2 3
2 Duncan Keith Zach Bogosian 50 0 2 3
Penalty Kill 4 Players Forward
Center Wing Time % Phy DF OF
1 Pavel Datsyuk Steve Begin 50 1 3 1
2 Peter Regin Eric Nystrom 50 1 3 1
Penalty Kill 4 Players Defense
Defense Defense Time % Phy DF OF
1 Ian White Christian Ehrhoff 50 1 3 1
2 Duncan Keith Rob Scuderi 50 1 3 1
Penalty Kill - 3 Players Forward
Forward Time % Phy DF OF
1 Pavel Datsyuk 50 1 4 0
2 Ilya Kovalchuk 50 1 4 0
Penalty Kill - 3 Players Defense
Defense Defense Time % Phy DF OF
1 Ian White Christian Ehrhoff 50 1 4 0
2 Duncan Keith Rob Scuderi 50 1 4 0
4 vs 4 Forward
Center Wing Time % Phy DF OF
1 Pavel Datsyuk Ilya Kovalchuk 50 1 2 2
2 Jonathan Toews Patrick Kane 50 1 2 2
4 vs 4 Defense
Defense Defense Time % Phy DF OF
1 Ian White Christian Ehrhoff 50 1 2 2
2 Duncan Keith Scott Niedermayer 50 1 2 2
Last Minutes Offensive
Center Left Wing Right Wing Defense Defense
Pavel Datsyuk Ilya Kovalchuk Patrick Kane Ian White Duncan Keith
Last Minutes Defensive
Center Left Wing Right Wing Defense Defense
Pavel Datsyuk Ilya Kovalchuk Patrick Kane Ian White Rob Scuderi
Goaltenders
Starting : Sebastien Caron
Backup : Cam Ward
Extra Forwards
Normal : Patrick Kane, Pavel Datsyuk, Ilya Kovalchuk - PP : Peter Regin, Eric Nystrom - PK : Jonathan Toews
Extra Defensemen
Normal : Duncan Keith, Christian Ehrhoff, Ian White - PP : Scott Niedermayer - PK : Scott Niedermayer, Zach Bogosian
Penalty Shots
Ilya Kovalchuk, Patrick Kane, Pavel Datsyuk, Jonathan Toews, Peter Regin
Sabres
5 vs 5 Forward
Center Left Wing Right Wing Time % Phy DF OF
1 Derick Brassard Antoine Roussel Niclas Bergfors 35 1 2 2
2 Mike Fisher James Neal Enver Lisin 30 1 3 1
3 Mats Sundin Ryan Hollweg Tomas Kopecky 25 2 2 1
4 Todd White Kyle Calder Justin Williams 10 1 3 1
5 vs 5 Defense
Defense Defense Time % Phy DF OF
1 Ole-Kristian Tollefsen Nathan Dempsey 40 1 3 1
2 Richard Lintner Joni Pitkanen 30 1 3 1
3 Tyler Sloan Michael Kostka 20 1 3 1
4 Ole-Kristian Tollefsen Joni Pitkanen 10 1 1 3
PowerPlay Forward
Center Left Wing Right Wing Time % Phy DF OF
1 Derick Brassard James Neal Niclas Bergfors 60 1 0 4
2 Mats Sundin Antoine Roussel Enver Lisin 40 2 1 2
PowerPlay Defense
Defense Defense Time % Phy DF OF
1 Ole-Kristian Tollefsen Joni Pitkanen 60 1 1 3
2 Tyler Sloan Michael Kostka 40 1 3 1
Penalty Kill 4 Players Forward
Center Wing Time % Phy DF OF
1 Mike Fisher Todd White 60 1 4 0
2 Mats Sundin Tomas Kopecky 40 1 4 0
Penalty Kill 4 Players Defense
Defense Defense Time % Phy DF OF
1 Ole-Kristian Tollefsen Joni Pitkanen 60 1 3 1
2 Tyler Sloan Michael Kostka 40 1 4 0
Penalty Kill - 3 Players Forward
Forward Time % Phy DF OF
1 Mike Fisher 60 0 5 0
2 Todd White 40 0 5 0
Penalty Kill - 3 Players Defense
Defense Defense Time % Phy DF OF
1 Ole-Kristian Tollefsen Joni Pitkanen 60 1 4 0
2 Tyler Sloan Michael Kostka 40 1 4 0
4 vs 4 Forward
Center Wing Time % Phy DF OF
1 Derick Brassard Niclas Bergfors 60 1 2 2
2 Mike Fisher Enver Lisin 40 1 3 1
4 vs 4 Defense
Defense Defense Time % Phy DF OF
1 Ole-Kristian Tollefsen Joni Pitkanen 60 1 3 1
2 Tyler Sloan Michael Kostka 40 1 3 1
Last Minutes Offensive
Center Left Wing Right Wing Defense Defense
Derick Brassard James Neal Niclas Bergfors Ole-Kristian Tollefsen Joni Pitkanen
Last Minutes Defensive
Center Left Wing Right Wing Defense Defense
Mike Fisher Todd White Mats Sundin Ole-Kristian Tollefsen Joni Pitkanen
Goaltenders
Starting : Michal Neuvirth
Backup : Ty Conklin
Extra Forwards
Normal : Ryan Hollweg, James Neal, Enver Lisin - PP : Ryan Hollweg, Tomas Kopecky - PK : Kyle Calder
Extra Defensemen
Normal : Nathan Dempsey, Michael Kostka, Tyler Sloan - PP : Nathan Dempsey - PK : Nathan Dempsey, Richard Lintner
Penalty Shots
James Neal, Niclas Bergfors, Enver Lisin, Mats Sundin, Ryan Hollweg
% Time on Ice - Oilers
Lines # - Real PCT - Wanted PCT - Time Play
Normal Forward
1 - 32% - 40% - 15:21
2 - 27% - 35% - 12:46
3 - 18% - 20% - 8:50
4 - 23% - 5% - 11:09
Normal Defense
1 - 35% - 35% - 17:03
2 - 39% - 35% - 18:46
3 - 18% - 20% - 8:43
4 - 7% - 10% - 3:34
PP Forward
1 - 50% - 50% - 4:57
2 - 50% - 50% - 4:58
PP Defense
1 - 51% - 50% - 5:06
2 - 49% - 50% - 4:49
PK Forward
1 - 52% - 50% - 1:02
2 - 48% - 50% - 0:57
PK Defense
1 - 60% - 50% - 1:11
2 - 40% - 50% - 0:48
PK3 Forward
1 - 0% - 50%
2 - 0% - 50%
PK3 Defense
1 - 0% - 50%
2 - 0% - 50%
44 Forward
1 - 0% - 50%
2 - 0% - 50%
44 Defense
1 - 0% - 50%
2 - 0% - 50%
Last Minute Offensive - 0:00
Last Minute Defensive - 0:00
Total
Forward - 60:00
Defense - 60:00
|
% Time on Ice - Sabres
Lines # - Real PCT - Wanted PCT - Time Play
Normal Forward
1 - 40% - 35% - 19:19
2 - 25% - 30% - 12:03
3 - 20% - 25% - 9:46
4 - 14% - 10% - 6:58
Normal Defense
1 - 40% - 40% - 19:27
2 - 34% - 30% - 16:27
3 - 21% - 20% - 10:04
4 - 4% - 10% - 2:08
PP Forward
1 - 53% - 60% - 1:03
2 - 47% - 40% - 0:56
PP Defense
1 - 62% - 60% - 1:14
2 - 38% - 40% - 0:45
PK Forward
1 - 65% - 60% - 6:24
2 - 35% - 40% - 3:31
PK Defense
1 - 57% - 60% - 5:39
2 - 43% - 40% - 4:16
PK3 Forward
1 - 0% - 60%
2 - 0% - 40%
PK3 Defense
1 - 0% - 60%
2 - 0% - 40%
44 Forward
1 - 0% - 60%
2 - 0% - 40%
44 Defense
1 - 0% - 60%
2 - 0% - 40%
Last Minute Offensive - 0:00
Last Minute Defensive - 0:00
Total
Forward - 60:00
Defense - 60:00
|
Play by Play
1st period
0:01 of 1st period - Pavel Datsyuk wins face-off versus Derick Brassard in neutral zone.
0:26 of 1st period - Jonathan Toews is hit by James Neal and loses puck.
1:13 of 1st period - Wrist shot by Pavel Datsyuk.
1:13 of 1st period - Shot Misses the Net.
1:27 of 1st period - Slapshot by Derick Brassard.
1:27 of 1st period - Stopped by Sebastien Caron without a rebound.
1:28 of 1st period - Jonathan Toews wins face-off versus Antoine Roussel in Oilers zone.
1:53 of 1st period - Ilya Kovalchuk is hit by Michael Kostka and loses puck.
2:00 of 1st period - Wrist shot by Enver Lisin.
2:00 of 1st period - Stopped by Sebastien Caron with a rebound.
2:02 of 1st period - Wrist shot by Mike Fisher.
2:02 of 1st period - Stopped by Sebastien Caron without a rebound.
2:03 of 1st period - Peter Regin wins face-off versus Mats Sundin in Oilers zone.
2:03 of 1st period - Peter Regin is hit by Tomas Kopecky.
2:53 of 1st period - Snap shot by Joni Pitkanen.
2:53 of 1st period - Shot Misses the Net.
3:01 of 1st period - Ole-Kristian Tollefsen is hit by Ilya Kovalchuk.
3:17 of 1st period - Slapshot by Steve Begin.
3:17 of 1st period - Stopped by Michal Neuvirth with a rebound.
3:19 of 1st period - Wrist shot by Duncan Keith.
3:19 of 1st period - Stopped by Michal Neuvirth without a rebound.
3:20 of 1st period - Mats Sundin wins face-off versus Jonathan Toews in Sabres zone.
3:20 of 1st period - Mats Sundin is hit by Jonathan Toews.
3:32 of 1st period - Snap shot by Jonathan Toews.
3:32 of 1st period - Stopped by Michal Neuvirth with a rebound.
4:36 of 1st period - Off-side.
4:37 of 1st period - Mats Sundin wins face-off versus Olli Jokinen in neutral zone.
5:11 of 1st period - Icing by Tyler Sloan.
5:12 of 1st period - Mike Fisher wins face-off versus Jonathan Toews in Sabres zone.
5:45 of 1st period - Wrist shot by Enver Lisin.
5:45 of 1st period - Shot Misses the Net.
6:17 of 1st period - Snap shot by Tomas Kopecky.
6:17 of 1st period - Stopped by Sebastien Caron with a rebound.
6:19 of 1st period - Wrist shot by Tomas Kopecky.
6:19 of 1st period - Deflect By Mats Sundin.
6:19 of 1st period - Shot Blocked by Duncan Keith.
6:19 of 1st period - Puck is out of play.
6:20 of 1st period - Jonathan Toews wins face-off versus Todd White in Oilers zone.
6:43 of 1st period - Minor Penalty to Richard Lintner for Roughing.
6:44 of 1st period - Jonathan Toews wins face-off versus Mike Fisher in Sabres zone.
6:53 of 1st period - Slapshot by Patrick Kane.
6:53 of 1st period - Stopped by Michal Neuvirth with a rebound.
7:09 of 1st period - Joni Pitkanen is hit by Patrick Kaleta and loses puck.
8:43 of 1st period - Penalty to Richard Lintner is over, Richard Lintner is back on ice.
9:07 of 1st period - Rob Scuderi is hit by Ole-Kristian Tollefsen and loses puck.
9:16 of 1st period - Snap shot by James Neal.
9:16 of 1st period - Deflect By Richard Lintner.
9:16 of 1st period - Shot Blocked by Duncan Keith.
9:16 of 1st period - Puck is out of play.
9:17 of 1st period - Derick Brassard wins face-off versus Peter Regin in Oilers zone.
9:18 of 1st period - Wrist shot by Antoine Roussel.
9:18 of 1st period - Stopped by Sebastien Caron with a rebound.
9:20 of 1st period - Slapshot by Joni Pitkanen.
9:20 of 1st period - Deflect By Derick Brassard.
9:20 of 1st period - Stopped by Sebastien Caron with a rebound.
9:22 of 1st period - Slapshot by Nathan Dempsey.
9:22 of 1st period - Stopped by Sebastien Caron with a rebound.
9:24 of 1st period - Slapshot by Niclas Bergfors.
9:24 of 1st period - Stopped by Sebastien Caron with a rebound.
9:26 of 1st period - Slapshot by Nathan Dempsey.
9:26 of 1st period - Shot Blocked by David Moss.
9:28 of 1st period - Wrist shot by Antoine Roussel.
9:28 of 1st period - Shot Misses the Net.
9:30 of 1st period - Slapshot by Antoine Roussel.
9:30 of 1st period - Stopped by Sebastien Caron with a rebound.
10:15 of 1st period - Snap shot by Patrick Kane.
10:15 of 1st period - Stopped by Michal Neuvirth without a rebound.
10:16 of 1st period - Todd White wins face-off versus Jonathan Toews in Sabres zone.
10:25 of 1st period - Slapshot by Kyle Calder.
10:25 of 1st period - Stopped by Sebastien Caron with a rebound.
10:52 of 1st period - Slapshot by Justin Williams.
10:52 of 1st period - Shot Misses the Net.
11:00 of 1st period - Snap shot by Patrick Kane.
11:00 of 1st period - Shot Misses the Net.
11:26 of 1st period - Kyle Calder is hit by Patrick Kane.
11:40 of 1st period - Slapshot by Jonathan Toews.
11:40 of 1st period - Stopped by Michal Neuvirth with a rebound.
11:42 of 1st period - Slapshot by Ian White.
11:42 of 1st period - Stopped by Michal Neuvirth with a rebound.
11:44 of 1st period - Wrist shot by Christian Ehrhoff.
11:44 of 1st period - Shot Blocked by Joni Pitkanen.
11:46 of 1st period - Wrist shot by Jonathan Toews.
11:46 of 1st period - Shot Blocked by Joni Pitkanen.
11:48 of 1st period - Snap shot by Jonathan Toews.
11:48 of 1st period - Shot Misses the Net.
11:50 of 1st period - Slapshot by Ian White.
11:50 of 1st period - Deflect By Tomas Fleischmann.
11:50 of 1st period - Shot Misses the Net.
11:50 of 1st period - Puck is out of play.
11:51 of 1st period - Derick Brassard wins face-off versus Pavel Datsyuk in Sabres zone.
11:56 of 1st period - Snap shot by Pavel Datsyuk.
11:56 of 1st period - Shot Blocked by Nathan Dempsey.
12:01 of 1st period - Off-side.
12:02 of 1st period - Pavel Datsyuk wins face-off versus Mike Fisher in neutral zone.
12:29 of 1st period - Joni Pitkanen is hit by Rob Scuderi.
13:27 of 1st period - Snap shot by Peter Regin.
13:27 of 1st period - Shot Blocked by Ole-Kristian Tollefsen.
13:29 of 1st period - Wrist shot by Eric Nystrom.
13:29 of 1st period - Shot Blocked by Nathan Dempsey.
14:07 of 1st period - Wrist shot by Derick Brassard.
14:07 of 1st period - Shot Blocked by Jonathan Toews.
14:35 of 1st period - Peter Regin is hit by Derick Brassard and loses puck.
15:00 of 1st period - Pavel Datsyuk is hit by Ryan Hollweg.
15:27 of 1st period - Tyler Sloan is hit by David Moss and loses puck.
15:41 of 1st period - Icing by Todd White.
15:42 of 1st period - Mike Fisher wins face-off versus Tyler Kennedy in Sabres zone.
15:47 of 1st period - Snap shot by Olli Jokinen.
15:47 of 1st period - Stopped by Michal Neuvirth without a rebound.
15:48 of 1st period - Olli Jokinen wins face-off versus Mike Fisher in Sabres zone.
16:08 of 1st period - Icing by Ole-Kristian Tollefsen.
16:09 of 1st period - Pavel Datsyuk wins face-off versus James Neal in Sabres zone.
16:10 of 1st period - Snap shot by Ilya Kovalchuk.
16:10 of 1st period - Goal by Ilya Kovalchuk - Oilers : 1 - Sabres : 0.
16:11 of 1st period - Patrick Kaleta wins face-off versus Derick Brassard in neutral zone.
16:18 of 1st period - Backhand shot by Pavel Datsyuk.
16:18 of 1st period - Goal by Pavel Datsyuk - Oilers : 2 - Sabres : 0.
16:19 of 1st period - Derick Brassard wins face-off versus Pavel Datsyuk in neutral zone.
16:52 of 1st period - Wrist shot by Patrick Kane.
16:52 of 1st period - Stopped by Michal Neuvirth without a rebound.
16:53 of 1st period - Jonathan Toews wins face-off versus Derick Brassard in Sabres zone.
17:01 of 1st period - Minor Penalty to Ole-Kristian Tollefsen for High sticking.
17:02 of 1st period - Pavel Datsyuk wins face-off versus Mike Fisher in Sabres zone.
17:08 of 1st period - Snap shot by Pavel Datsyuk.
17:08 of 1st period - Shot Blocked by Nathan Dempsey.
17:28 of 1st period - Zach Bogosian is hit by Mike Fisher and loses puck.
18:08 of 1st period - Icing by Christian Ehrhoff.
18:09 of 1st period - Jonathan Toews wins face-off versus Mats Sundin in Oilers zone.
18:31 of 1st period - Slapshot by Nathan Dempsey.
18:31 of 1st period - Shot Blocked by Zach Bogosian.
18:37 of 1st period - Mats Sundin is hit by Patrick Kaleta and loses puck.
19:01 of 1st period - Penalty to Ole-Kristian Tollefsen is over, Ole-Kristian Tollefsen is back on ice.
19:10 of 1st period - Ole-Kristian Tollefsen is hit by David Moss.
19:18 of 1st period - Ole-Kristian Tollefsen is hit by David Moss and loses puck.
19:47 of 1st period - Icing by Ole-Kristian Tollefsen.
19:48 of 1st period - Pavel Datsyuk wins face-off versus Derick Brassard in Sabres zone.
19:53 of 1st period - Snap shot by Pavel Datsyuk.
19:53 of 1st period - Shot Blocked by Niclas Bergfors.
Goals for this period are 2 for Oilers vs 0 for Sabres.
Shots for this period are 11 for Oilers vs 10 for Sabres.
2nd period
0:01 of 2nd period - Patrick Kaleta wins face-off versus Mike Fisher in neutral zone.
0:03 of 2nd period - Minor Penalty to Richard Lintner for High sticking.
0:04 of 2nd period - Mike Fisher wins face-off versus Jonathan Toews in Sabres zone.
0:04 of 2nd period - Mike Fisher is hit by Patrick Kane.
0:14 of 2nd period - Off-side.
0:15 of 2nd period - Tomas Fleischmann wins face-off versus Mike Fisher in neutral zone.
0:45 of 2nd period - Tomas Kopecky is hit by Ian White and loses puck.
1:10 of 2nd period - Tyler Sloan is hit by Tomas Fleischmann and loses puck.
1:27 of 2nd period - Wrist shot by Tomas Kopecky.
1:27 of 2nd period - Stopped by Sebastien Caron with a rebound.
2:03 of 2nd period - Penalty to Richard Lintner is over, Richard Lintner is back on ice.
2:12 of 2nd period - Ole-Kristian Tollefsen is hit by Zach Bogosian and loses puck.
2:19 of 2nd period - Snap shot by James Neal.
2:19 of 2nd period - Deflect By Eric Nystrom.
2:19 of 2nd period - Stopped by Sebastien Caron with a rebound.
2:21 of 2nd period - Wrist shot by James Neal.
2:21 of 2nd period - Shot Misses the Net.
2:23 of 2nd period - Slapshot by Ole-Kristian Tollefsen.
2:23 of 2nd period - Stopped by Sebastien Caron without a rebound.
2:24 of 2nd period - Peter Regin wins face-off versus Mats Sundin in Oilers zone.
3:18 of 2nd period - Slapshot by Todd White.
3:18 of 2nd period - Shot Misses the Net.
3:20 of 2nd period - Minor Penalty to Rob Scuderi for Tripping.
3:21 of 2nd period - Derick Brassard wins face-off versus Pavel Datsyuk in Oilers zone.
4:00 of 2nd period - Slapshot by Enver Lisin.
4:00 of 2nd period - Stopped by Sebastien Caron without a rebound.
4:01 of 2nd period - Derick Brassard wins face-off versus Peter Regin in Oilers zone.
5:20 of 2nd period - Penalty to Rob Scuderi is over, Rob Scuderi is back on ice.
5:29 of 2nd period - Wrist shot by Pavel Datsyuk.
5:29 of 2nd period - Goal by Pavel Datsyuk - Oilers : 3 - Sabres : 0.
5:30 of 2nd period - Mike Fisher wins face-off versus Pavel Datsyuk in neutral zone.
5:36 of 2nd period - Off-side.
5:37 of 2nd period - Pavel Datsyuk wins face-off versus James Neal in neutral zone.
5:56 of 2nd period - Nathan Dempsey is hit by Patrick Kaleta.
6:52 of 2nd period - Wrist shot by Enver Lisin.
6:52 of 2nd period - Stopped by Sebastien Caron with a rebound.
7:06 of 2nd period - Snap shot by Ilya Kovalchuk.
7:06 of 2nd period - Stopped by Michal Neuvirth with a rebound.
7:08 of 2nd period - Slapshot by Ian White.
7:08 of 2nd period - Stopped by Michal Neuvirth without a rebound.
7:09 of 2nd period - Mats Sundin wins face-off versus Jonathan Toews in Sabres zone.
7:16 of 2nd period - Jonathan Toews is hit by Joni Pitkanen.
8:16 of 2nd period - Slapshot by Patrick Kane.
8:16 of 2nd period - Stopped by Michal Neuvirth without a rebound.
8:17 of 2nd period - Jonathan Toews wins face-off versus Mats Sundin in Sabres zone.
8:42 of 2nd period - Antoine Roussel is hit by Scott Niedermayer and loses puck.
8:48 of 2nd period - Off-side.
8:49 of 2nd period - Derick Brassard wins face-off versus Peter Regin in neutral zone.
8:51 of 2nd period - Ole-Kristian Tollefsen is hit by Christian Ehrhoff and loses puck.
9:08 of 2nd period - Wrist shot by Christian Ehrhoff.
9:08 of 2nd period - Stopped by Michal Neuvirth without a rebound.
9:09 of 2nd period - Pavel Datsyuk wins face-off versus Mats Sundin in Sabres zone.
9:10 of 2nd period - Snap shot by Ilya Kovalchuk.
9:10 of 2nd period - Stopped by Michal Neuvirth with a rebound.
9:34 of 2nd period - Joni Pitkanen is hit by Tomas Fleischmann and loses puck.
9:41 of 2nd period - Snap shot by Jonathan Toews.
9:41 of 2nd period - Stopped by Michal Neuvirth without a rebound.
9:42 of 2nd period - Antoine Roussel wins face-off versus Jonathan Toews in Sabres zone.
10:11 of 2nd period - Slapshot by Pavel Datsyuk.
10:11 of 2nd period - Stopped by Michal Neuvirth without a rebound.
10:12 of 2nd period - Mats Sundin wins face-off versus Pavel Datsyuk in Sabres zone.
10:22 of 2nd period - Icing by Rob Scuderi.
10:23 of 2nd period - Enver Lisin wins face-off versus Pavel Datsyuk in Oilers zone.
10:30 of 2nd period - Snap shot by James Neal.
10:30 of 2nd period - Shot Misses the Net.
10:32 of 2nd period - Slapshot by Richard Lintner.
10:32 of 2nd period - Shot Blocked by Rob Scuderi.
10:34 of 2nd period - Wrist shot by Enver Lisin.
10:34 of 2nd period - Shot Misses the Net.
11:23 of 2nd period - Snap shot by Tomas Kopecky.
11:23 of 2nd period - Shot Misses the Net.
11:56 of 2nd period - Wrist shot by Antoine Roussel.
11:56 of 2nd period - Shot Misses the Net.
12:05 of 2nd period - Icing by Scott Niedermayer.
12:06 of 2nd period - Mike Fisher wins face-off versus Pavel Datsyuk in Oilers zone.
12:07 of 2nd period - Snap shot by James Neal.
12:07 of 2nd period - Stopped by Sebastien Caron without a rebound.
12:08 of 2nd period - Mike Fisher wins face-off versus Pavel Datsyuk in Oilers zone.
12:17 of 2nd period - Wrist shot by Enver Lisin.
12:17 of 2nd period - Shot Misses the Net.
12:35 of 2nd period - Ole-Kristian Tollefsen is hit by Jonathan Toews and loses puck.
14:02 of 2nd period - Slapshot by Ryan Hollweg.
14:02 of 2nd period - Stopped by Sebastien Caron without a rebound.
14:03 of 2nd period - Ryan Hollweg wins face-off versus Jonathan Toews in Oilers zone.
14:32 of 2nd period - Tomas Kopecky is hit by Patrick Kane and loses puck.
15:42 of 2nd period - Off-side.
15:43 of 2nd period - Pavel Datsyuk wins face-off versus Derick Brassard in neutral zone.
16:15 of 2nd period - Nathan Dempsey is hit by David Moss and loses puck.
17:18 of 2nd period - Snap shot by James Neal.
17:18 of 2nd period - Shot Blocked by Scott Niedermayer.
17:59 of 2nd period - David Moss is hit by Enver Lisin and loses puck.
19:50 of 2nd period - Christian Ehrhoff is hit by Ryan Hollweg and loses puck.
Goals for this period are 1 for Oilers vs 0 for Sabres.
Shots for this period are 8 for Oilers vs 7 for Sabres.
3rd period
0:01 of 3rd period - Derick Brassard wins face-off versus Pavel Datsyuk in neutral zone.
0:10 of 3rd period - Snap shot by Niclas Bergfors.
0:10 of 3rd period - Stopped by Sebastien Caron without a rebound.
0:11 of 3rd period - Pavel Datsyuk wins face-off versus Derick Brassard in Oilers zone.
0:15 of 3rd period - Off-side.
0:16 of 3rd period - Pavel Datsyuk wins face-off versus Derick Brassard in neutral zone.
0:24 of 3rd period - Off-side.
0:25 of 3rd period - Pavel Datsyuk wins face-off versus Niclas Bergfors in neutral zone.
0:32 of 3rd period - Slapshot by Pavel Datsyuk.
0:32 of 3rd period - Shot Blocked by Niclas Bergfors.
1:17 of 3rd period - Nathan Dempsey is hit by Peter Regin and loses puck.
1:29 of 3rd period - Off-side.
1:30 of 3rd period - Todd White wins face-off versus Olli Jokinen in neutral zone.
1:38 of 3rd period - Joni Pitkanen is hit by Steve Begin.
1:42 of 3rd period - Snap shot by Kyle Calder.
1:42 of 3rd period - Shot Misses the Net.
1:50 of 3rd period - Slapshot by Steve Begin.
1:50 of 3rd period - Stopped by Michal Neuvirth with a rebound.
1:52 of 3rd period - Wrist shot by Rob Scuderi.
1:52 of 3rd period - Stopped by Michal Neuvirth without a rebound.
1:53 of 3rd period - Ilya Kovalchuk wins face-off versus Antoine Roussel in Sabres zone.
2:20 of 3rd period - Wrist shot by Peter Regin.
2:20 of 3rd period - Deflect By Eric Nystrom.
2:20 of 3rd period - Goal by Eric Nystrom - Oilers : 4 - Sabres : 0.
2:21 of 3rd period - Mike Fisher wins face-off versus Pavel Datsyuk in neutral zone.
2:26 of 3rd period - Slapshot by Enver Lisin.
2:26 of 3rd period - Stopped by Sebastien Caron with a rebound.
2:28 of 3rd period - Snap shot by James Neal.
2:28 of 3rd period - Shot Blocked by Ilya Kovalchuk.
2:30 of 3rd period - Wrist shot by James Neal.
2:30 of 3rd period - Deflect By Enver Lisin.
2:30 of 3rd period - Goal by Enver Lisin - Oilers : 4 - Sabres : 1.
2:31 of 3rd period - Mike Fisher wins face-off versus Patrick Kaleta in neutral zone.
2:47 of 3rd period - Wrist shot by Enver Lisin.
2:47 of 3rd period - Stopped by Sebastien Caron without a rebound.
2:48 of 3rd period - Derick Brassard wins face-off versus Jonathan Toews in Oilers zone.
2:53 of 3rd period - Wrist shot by Derick Brassard.
2:53 of 3rd period - Deflect By Niclas Bergfors.
2:53 of 3rd period - Stopped by Sebastien Caron without a rebound.
2:54 of 3rd period - Jonathan Toews wins face-off versus Niclas Bergfors in Oilers zone.
3:05 of 3rd period - Antoine Roussel is hit by Ian White and loses puck.
3:20 of 3rd period - Niclas Bergfors is hit by Patrick Kane and loses puck.
3:51 of 3rd period - Snap shot by Jonathan Toews.
3:51 of 3rd period - Shot Misses the Net.
3:57 of 3rd period - Snap shot by Patrick Kane.
3:57 of 3rd period - Stopped by Michal Neuvirth without a rebound.
3:58 of 3rd period - Mike Fisher wins face-off versus Pavel Datsyuk in Sabres zone.
4:26 of 3rd period - Snap shot by David Moss.
4:26 of 3rd period - Stopped by Michal Neuvirth with a rebound.
4:28 of 3rd period - Slapshot by Duncan Keith.
4:28 of 3rd period - Stopped by Michal Neuvirth without a rebound.
4:29 of 3rd period - Peter Regin wins face-off versus Mats Sundin in Sabres zone.
4:54 of 3rd period - Scott Niedermayer is hit by Mike Fisher and loses puck.
5:01 of 3rd period - Wrist shot by James Neal.
5:01 of 3rd period - Shot Misses the Net.
5:41 of 3rd period - Slapshot by Christian Ehrhoff.
5:41 of 3rd period - Deflect By Steve Begin.
5:41 of 3rd period - Shot Blocked by Michael Kostka.
5:41 of 3rd period - Puck is out of play.
5:42 of 3rd period - Derick Brassard wins face-off versus Pavel Datsyuk in Sabres zone.
6:17 of 3rd period - Wrist shot by Jonathan Toews.
6:17 of 3rd period - Stopped by Michal Neuvirth without a rebound.
6:18 of 3rd period - Mike Fisher wins face-off versus Jonathan Toews in Sabres zone.
6:43 of 3rd period - Ole-Kristian Tollefsen is hit by Patrick Kaleta.
7:13 of 3rd period - Slapshot by Ian White.
7:13 of 3rd period - Shot Blocked by Richard Lintner.
7:53 of 3rd period - Snap shot by James Neal.
7:53 of 3rd period - Stopped by Sebastien Caron with a rebound.
7:55 of 3rd period - Snap shot by Mike Fisher.
7:55 of 3rd period - Shot Misses the Net.
8:11 of 3rd period - Slapshot by Tomas Kopecky.
8:11 of 3rd period - Stopped by Sebastien Caron without a rebound.
8:12 of 3rd period - Pavel Datsyuk wins face-off versus Derick Brassard in Oilers zone.
8:33 of 3rd period - Minor Penalty to Derick Brassard for Tripping.
8:34 of 3rd period - Mike Fisher wins face-off versus Jonathan Toews in Sabres zone.
9:19 of 3rd period - Wrist shot by Patrick Kaleta.
9:19 of 3rd period - Deflect By Tomas Fleischmann.
9:19 of 3rd period - Stopped by Michal Neuvirth with a rebound.
9:29 of 3rd period - Christian Ehrhoff is hit by Todd White and loses puck.
10:09 of 3rd period - Off-side.
10:10 of 3rd period - Mats Sundin wins face-off versus Pavel Datsyuk in neutral zone.
10:33 of 3rd period - Penalty to Derick Brassard is over, Derick Brassard is back on ice.
11:01 of 3rd period - Wrist shot by Michael Kostka.
11:01 of 3rd period - Stopped by Sebastien Caron without a rebound.
11:02 of 3rd period - Mike Fisher wins face-off versus Olli Jokinen in Oilers zone.
11:05 of 3rd period - Wrist shot by Mike Fisher.
11:05 of 3rd period - Shot Misses the Net.
11:07 of 3rd period - Wrist shot by James Neal.
11:07 of 3rd period - Shot Misses the Net.
11:09 of 3rd period - Snap shot by James Neal.
11:09 of 3rd period - Stopped by Sebastien Caron with a rebound.
11:29 of 3rd period - Icing by Tyler Kennedy.
11:30 of 3rd period - Olli Jokinen wins face-off versus Derick Brassard in Oilers zone.
11:30 of 3rd period - Olli Jokinen is hit by Niclas Bergfors.
12:09 of 3rd period - Snap shot by Steve Begin.
12:09 of 3rd period - Shot Misses the Net.
12:11 of 3rd period - Slapshot by Christian Ehrhoff.
12:11 of 3rd period - Stopped by Michal Neuvirth with a rebound.
12:13 of 3rd period - Snap shot by Steve Begin.
12:13 of 3rd period - Shot Misses the Net.
12:19 of 3rd period - Antoine Roussel is hit by Ian White and loses puck.
12:37 of 3rd period - Wrist shot by Derick Brassard.
12:37 of 3rd period - Shot Blocked by Duncan Keith.
12:54 of 3rd period - Wrist shot by Antoine Roussel.
12:54 of 3rd period - Stopped by Sebastien Caron with a rebound.
14:32 of 3rd period - Wrist shot by Olli Jokinen.
14:32 of 3rd period - Shot Misses the Net.
14:38 of 3rd period - Slapshot by Derick Brassard.
14:38 of 3rd period - Stopped by Sebastien Caron with a rebound.
14:40 of 3rd period - Wrist shot by Derick Brassard.
14:40 of 3rd period - Deflect By Antoine Roussel.
14:40 of 3rd period - Stopped by Sebastien Caron without a rebound.
14:41 of 3rd period - Mike Fisher wins face-off versus Pavel Datsyuk in Oilers zone.
14:48 of 3rd period - Snap shot by Mike Fisher.
14:48 of 3rd period - Shot Misses the Net.
14:50 of 3rd period - Slapshot by Nathan Dempsey.
14:50 of 3rd period - Deflect By Enver Lisin.
14:50 of 3rd period - Shot Misses the Net.
14:50 of 3rd period - Puck is out of play.
14:51 of 3rd period - Mike Fisher wins face-off versus Pavel Datsyuk in Oilers zone.
14:58 of 3rd period - Snap shot by James Neal.
14:58 of 3rd period - Stopped by Sebastien Caron with a rebound.
15:00 of 3rd period - Snap shot by Enver Lisin.
15:00 of 3rd period - Goal by Enver Lisin - Oilers : 4 - Sabres : 2.
15:01 of 3rd period - Peter Regin wins face-off versus Mats Sundin in neutral zone.
15:03 of 3rd period - Off-side.
15:04 of 3rd period - Peter Regin wins face-off versus Mats Sundin in neutral zone.
15:33 of 3rd period - Minor Penalty to Nathan Dempsey for Delaying the game.
15:34 of 3rd period - Pavel Datsyuk wins face-off versus Mike Fisher in Sabres zone.
15:35 of 3rd period - Snap shot by Patrick Kaleta.
15:35 of 3rd period - Shot Misses the Net.
16:06 of 3rd period - Slapshot by Duncan Keith.
16:06 of 3rd period - Shot Misses the Net.
16:27 of 3rd period - Wrist shot by Mats Sundin.
16:27 of 3rd period - Deflect By Tomas Kopecky.
16:27 of 3rd period - Shot Blocked by Ian White.
16:27 of 3rd period - Puck is out of play.
16:28 of 3rd period - Mats Sundin wins face-off versus Jonathan Toews in Oilers zone.
17:33 of 3rd period - Penalty to Nathan Dempsey is over, Nathan Dempsey is back on ice.
17:48 of 3rd period - Wrist shot by Niclas Bergfors.
17:48 of 3rd period - Stopped by Sebastien Caron without a rebound.
17:49 of 3rd period - Jonathan Toews wins face-off versus Derick Brassard in Oilers zone.
17:58 of 3rd period - Nathan Dempsey is hit by Tomas Fleischmann and loses puck.
18:11 of 3rd period - Nathan Dempsey is hit by Ilya Kovalchuk.
Goals for this period are 1 for Oilers vs 2 for Sabres.
Shots for this period are 9 for Oilers vs 15 for Sabres.
Output by the SimonT Hockey Simulator (STHS) for François Prévost -- Original Page W3C XHTML 1.0 Valid